TOP OF THE 1ST |
Renton Wrecks batting - Pitching for Walla Walla Walleyes : RHP Jose Loera
|
Pitching: RHP Jose Loera
|
|
Batting: RHB Rolando Pino
|
0-0: Ball 1-0: Ball 2-0: Ball 3-0: Base on Balls
|
Batting: LHB Troy Thomas
|
0-0: Ball 1-0: Ball 2-0: Ball 3-0: Called Strike 3-1: Grounds into double play, 4-6-3 (Groundball, 4, EV 105.6 MPH)
|
Batting: RHB Luis Gomez
|
0-0: Ball 1-0: Ball 2-0: Called Strike 2-1: SINGLE (Groundball, 5S, EV 70.0 MPH) (infield hit)
|
Batting: RHB Stan Holmes
|
0-0: Foul Ball, location: 2F 0-1: Ball 1-1: Foul Ball, location: 2F 1-2: Ball 2-2: Ball 3-2: Foul Ball, location: 2F 3-2: Base on Balls Luis Gomez to second
|
Batting: SHB Ethan Charles
|
0-0: SINGLE (Line Drive, 9S, EV 88.1 MPH) Luis Gomez to third Stan Holmes to second Runner from 3rd tries for Home, SAFE, throw by RF to home
|
Batting: LHB Paul Thoutsis
|
0-0: Ball 1-0: Called Strike 1-1: Called Strike 1-2: Strikes out swinging
|
Top of the 1st over - 1 run, 2 hits, 0 errors, 2 left on base; Renton 1 - Walla Walla 0 |
BOTTOM OF THE 1ST |
Walla Walla Walleyes batting - Pitching for Renton Wrecks : RHP Gary Frank
|
Pitching: RHP Gary Frank
|
|
Batting: SHB Damon Farmar
|
0-0: Ball 1-0: Ball 2-0: Ball 3-0: Called Strike 3-1: Base on Balls
|
Batting: RHB John Cortez
|
0-0: Ball 1-0: Fly out, F7 (Flyball, 7LM, EV 94.4 MPH)
|
Batting: RHB Curtis Burke
|
0-0: Ball 1-0: Fly out, F9 (Flyball, 9LS, EV 84.4 MPH)
|
Batting: SHB Mike A Brumley
|
0-0: Ball 1-0: Ball 2-0: Foul Ball, location: 2F 2-1: Foul Ball, location: 2F 2-2: Ball 3-2: SINGLE (Groundball, 6D, EV 105.0 MPH) Damon Farmar to second Damon Farmar to third
|
Batting: LHB Thomas Gertz
|
0-0: Called Strike 0-1: Fly out, F9 (Flyball, 9D, EV 97.5 MPH)
|
Bottom of the 1st over - 0 runs, 1 hit, 0 errors, 2 left on base; Renton 1 - Walla Walla 0 |
TOP OF THE 2ND |
Renton Wrecks batting - Pitching for Walla Walla Walleyes : RHP Jose Loera
|
Batting: RHB Frank Garcia
|
0-0: Ground out 5-3 (Groundball, 56S, EV 70.0 MPH)
|
Batting: RHB Julian Gutierrez
|
0-0: Ball 1-0: Called Strike 1-1: Called Strike 1-2: Strikes out swinging
|
Batting: LHB Christian Bryeans
|
0-0: Called Strike 0-1: Ball 1-1: Swinging Strike 1-2: Foul Ball, location: 2F 1-2: Strikes out swinging
|
Top of the 2nd over - 0 runs, 0 hits, 0 errors, 0 left on base; Renton 1 - Walla Walla 0 |
BOTTOM OF THE 2ND |
Walla Walla Walleyes batting - Pitching for Renton Wrecks : RHP Gary Frank
|
Batting: RHB Osbe Hoskins
|
0-0: Foul Ball, location: 2F 0-1: Ball 1-1: SINGLE (Groundball, 56S, EV 97.5 MPH)
|
Batting: LHB Brian Hartsock
|
0-0: Swinging Strike 0-1: Fielders Choice at 2nd, 5-4 (Groundball, 5L, EV 88.1 MPH)
|
Batting: SHB Jeff McKnight
|
0-0: DOUBLE (Line Drive, 78D, EV 103.1 MPH) Brian Hartsock to third
|
Batting: RHB Mitch Lyden
|
0-0: Ball 1-0: Swinging Strike 1-1: Ball 2-1: Ball 3-1: Base on Balls
|
Batting: SHB Damon Farmar
|
0-0: Fly out, F8 (Flyball, 8RXD, EV 102.5 MPH) Runner from 3rd tags up, SCORES, no throw by CF Jeff McKnight to third
|
Batting: RHB John Cortez
|
0-0: Ball 1-0: Reached on error, E6 (Groundball, 6, EV 88.8 MPH) Jeff McKnight scores Mitch Lyden to second
|
Batting: RHB Curtis Burke
|
0-0: Called Strike 0-1: Reached on error, E5 (Groundball, 56, EV 105.6 MPH) Mitch Lyden to third John Cortez to second
|
Batting: SHB Mike A Brumley
|
0-0: Ball 1-0: Foul Ball, location: 2F 1-1: Foul Ball, location: 2F 1-2: Ball 2-2: Ball 3-2: Strikes out swinging
|
Bottom of the 2nd over - 2 runs, 2 hits, 2 errors, 3 left on base; Renton 1 - Walla Walla 2 |
TOP OF THE 3RD |
Renton Wrecks batting - Pitching for Walla Walla Walleyes : RHP Jose Loera
|
Batting: RHB Rolando Pino
|
0-0: Ball 1-0: Swinging Strike 1-1: Ball 2-1: DOUBLE (Flyball, 8LXD, EV 105.6 MPH)
|
Batting: LHB Troy Thomas
|
0-0: Ball 1-0: Called Strike 1-1: SINGLE (Groundball, 34D, EV 98.8 MPH) Rolando Pino to third Runner from 3rd tries for Home, SAFE, throw by RF to home
|
Batting: RHB Luis Gomez
|
0-0: Ball 1-0: Called Strike 1-1: Called Strike 1-2: Foul Ball, location: 2F 1-2: Fly out, F9 (Flyball, 89D, EV 103.8 MPH)
|
Batting: RHB Stan Holmes
|
0-0: Called Strike 0-1: Ball 1-1: Ball 2-1: Foul Ball, location: 2F 2-2: Foul Ball, location: 2F 2-2: Foul Ball, location: 2F 2-2: Strikes out looking
|
Batting: SHB Ethan Charles
|
0-0: Ball 1-0: Called Strike Troy Thomas steals 2nd base 1-1: Called Strike 1-2: SINGLE (Groundball, 56D, EV 97.5 MPH) Troy Thomas to third Runner from 3rd tries for Home, SAFE, throw by LF to home
|
Batting: LHB Paul Thoutsis
|
0-0: Ball 1-0: Ball 2-0: Foul Ball, location: 2F 2-1: Fly out, F8 (Flyball, 8LM, EV 88.1 MPH)
|
Top of the 3rd over - 2 runs, 3 hits, 0 errors, 1 left on base; Renton 3 - Walla Walla 2 |
BOTTOM OF THE 3RD |
Walla Walla Walleyes batting - Pitching for Renton Wrecks : RHP Gary Frank
|
Batting: LHB Thomas Gertz
|
0-0: Foul Ball, location: 2F 0-1: Ball 1-1: Called Strike 1-2: Fly out, F7 (Line Drive, 7D, EV 95.0 MPH)
|
Batting: RHB Osbe Hoskins
|
0-0: Ball 1-0: Foul Ball, location: 2F 1-1: Fly out, F9 (Line Drive, 9, EV 94.4 MPH)
|
Batting: LHB Brian Hartsock
|
0-0: Ball 1-0: Ball 2-0: Foul Ball, location: 2F 2-1: Foul Ball, location: 2F 2-2: Ball 3-2: Foul Ball, location: 2F 3-2: Foul Ball, location: 2F 3-2: Base on Balls
|
Batting: SHB Jeff McKnight
|
0-0: Called Strike 0-1: Ball 1-1: Ball 2-1: Fly out, F7 (Line Drive, 7, EV 102.5 MPH)
|
Bottom of the 3rd over - 0 runs, 0 hits, 0 errors, 1 left on base; Renton 3 - Walla Walla 2 |
TOP OF THE 4TH |
Renton Wrecks batting - Pitching for Walla Walla Walleyes : RHP Jose Loera
|
Batting: RHB Frank Garcia
|
0-0: Ball 1-0: Called Strike 1-1: Ball 2-1: Ground out U3 (Groundball, 3, EV 78.1 MPH)
|
Batting: RHB Julian Gutierrez
|
0-0: Ball 1-0: Foul Ball, location: 2F 1-1: Called Strike 1-2: Foul Ball, location: 2F 1-2: Strikes out looking
|
Batting: LHB Christian Bryeans
|
0-0: Ball 1-0: Called Strike 1-1: Ball 2-1: Foul Ball, location: 2F 2-2: Strikes out looking
|
Top of the 4th over - 0 runs, 0 hits, 0 errors, 0 left on base; Renton 3 - Walla Walla 2 |
BOTTOM OF THE 4TH |
Walla Walla Walleyes batting - Pitching for Renton Wrecks : RHP Gary Frank
|
Batting: RHB Mitch Lyden
|
0-0: Ball 1-0: SINGLE (Line Drive, 89M, EV 103.8 MPH)
|
Batting: SHB Damon Farmar
|
0-0: Called Strike 0-1: DOUBLE (Line Drive, 3D, EV 99.4 MPH) Mitch Lyden to third
|
Batting: RHB John Cortez
|
0-0: Ball 1-0: Ball 2-0: Foul Ball, location: 2F 2-1: Foul Ball, location: 2F 2-2: Ball 3-2: 3-RUN HOME RUN (Flyball, 7LD, EV 108.1 MPH), Distance : 347 ft
|
Batting: RHB Curtis Burke
|
0-0: Ball 1-0: Fly out, F4 (Line Drive, 4, EV 68.1 MPH)
|
Batting: SHB Mike A Brumley
|
0-0: Ball 1-0: Fly out, F8 (Flyball, 8RXD, EV 81.9 MPH)
|
Batting: LHB Thomas Gertz
|
0-0: Ball 1-0: Swinging Strike 1-1: Ball 2-1: Ball 3-1: Base on Balls
|
Batting: RHB Osbe Hoskins
|
0-0: Ball 1-0: Called Strike 1-1: SINGLE (Groundball, 6MD, EV 98.1 MPH) Thomas Gertz to second Runner from 2nd tries for 3rd, SAFE, no throw by CF
|
Batting: LHB Brian Hartsock
|
0-0: Ball 1-0: Called Strike 1-1: Ball 2-1: Ball 3-1: Fly out, F6 (Flyball, 56D, EV 90.0 MPH)
|
Bottom of the 4th over - 3 runs, 4 hits, 0 errors, 2 left on base; Renton 3 - Walla Walla 5 |
TOP OF THE 5TH |
Renton Wrecks batting - Pitching for Walla Walla Walleyes : RHP Jose Loera
|
Batting: RHB Rolando Pino
|
0-0: Called Strike 0-1: Ball 1-1: Ball 2-1: Foul Ball, location: 2F 2-2: Ball 3-2: Foul Ball, location: 2F 3-2: Base on Balls
|
Batting: LHB Troy Thomas
|
0-0: Ball 1-0: Foul Ball, location: 2F 1-1: Grounds into double play, 4-6-3 (Groundball, 4, EV 105.0 MPH)
|
Batting: RHB Luis Gomez
|
0-0: Foul Ball, location: 2F 0-1: Ball 1-1: Swinging Strike 1-2: Ball 2-2: Strikes out looking
|
Top of the 5th over - 0 runs, 0 hits, 0 errors, 0 left on base; Renton 3 - Walla Walla 5 |
BOTTOM OF THE 5TH |
Walla Walla Walleyes batting - Pitching for Renton Wrecks : RHP Gary Frank
|
Batting: SHB Jeff McKnight
|
0-0: Swinging Strike 0-1: SINGLE (Line Drive, 4MD, EV 101.3 MPH)
|
Batting: RHB Mitch Lyden
|
0-0: Fly out, F7 (Flyball, 7LM, EV 87.5 MPH)
|
Batting: SHB Damon Farmar
|
0-0: Called Strike 0-1: Foul Ball, location: 2F 0-2: Fly out, F7 (Flyball, 7, EV 85.0 MPH)
|
Batting: RHB John Cortez
|
0-0: SINGLE (Line Drive, 89M, EV 103.1 MPH) Jeff McKnight to second
|
Batting: RHB Curtis Burke
|
0-0: Ball 1-0: TRIPLE (Flyball, 78XD, EV 106.3 MPH) Jeff McKnight scores John Cortez scores
|
Pitching: RHP Gregory Norris
|
|
Batting: SHB Mike A Brumley
|
0-0: Ball 1-0: Ball 2-0: Ball 3-0: Called Strike 3-1: Called Strike 3-2: SINGLE (Line Drive, 6MD, EV 95.6 MPH) Curtis Burke scores
|
Batting: LHB Thomas Gertz
|
0-0: Called Strike 0-1: Ground out U3 (Groundball, 3L, EV 103.8 MPH)
|
Bottom of the 5th over - 3 runs, 4 hits, 0 errors, 1 left on base; Renton 3 - Walla Walla 8 |
TOP OF THE 6TH |
Renton Wrecks batting - Pitching for Walla Walla Walleyes : RHP Jose Loera
|
Batting: RHB Stan Holmes
|
0-0: Called Strike 0-1: Called Strike 0-2: Foul Ball, location: 2F 0-2: Ball 1-2: Foul Ball, location: 2F 1-2: Ball 2-2: SINGLE (Groundball, 6MD, EV 93.8 MPH)
|
Batting: SHB Ethan Charles
|
0-0: Ball 1-0: Ball 2-0: Called Strike 2-1: Ball 3-1: Base on Balls Stan Holmes to second
|
Batting: LHB Paul Thoutsis
|
0-0: Foul Ball, location: 2F 0-1: SINGLE (Groundball, 34D, EV 100.0 MPH) Stan Holmes to third Ethan Charles to second
|
Batting: RHB Frank Garcia
|
0-0: Called Strike 0-1: Ball 1-1: Foul Ball, location: 2F 1-2: Ground out U3 (Groundball, 34S, EV 69.4 MPH) Stan Holmes scores Ethan Charles to third Paul Thoutsis to second
|
Batting: RHB Julian Gutierrez
|
0-0: Ball 1-0: Ball 2-0: Called Strike 2-1: Foul Ball, location: 2F 2-2: Ball 3-2: Foul Ball, location: 2F 3-2: Base on Balls
|
Batting: LHB Christian Bryeans
|
0-0: Fly out, F9 (Flyball, 89XD, EV 103.1 MPH) Runner from 3rd tags up, SCORES, no throw by RF
|
Batting: RHB Rolando Pino
|
0-0: Fly out, F7 (Flyball, 7LD, EV 98.1 MPH)
|
Top of the 6th over - 2 runs, 2 hits, 0 errors, 2 left on base; Renton 5 - Walla Walla 8 |
BOTTOM OF THE 6TH |
Walla Walla Walleyes batting - Pitching for Renton Wrecks : RHP Gregory Norris
|
Batting: RHB Osbe Hoskins
|
0-0: Ground out 5-3 (Groundball, 25, EV 70.0 MPH)
|
Batting: LHB Brian Hartsock
|
0-0: Ball 1-0: Ball 2-0: Ball 3-0: Called Strike 3-1: Fly out, F7 (Flyball, 7LS, EV 90.6 MPH)
|
Batting: SHB Jeff McKnight
|
0-0: Ball 1-0: Ball 2-0: Ball 3-0: Base on Balls
|
Batting: RHB Mitch Lyden
|
0-0: Called Strike 0-1: Foul Ball, location: 2F 0-2: Ball 1-2: Foul Ball, location: 2F 1-2: Fly out, F9 (Flyball, 89D, EV 83.8 MPH)
|
Bottom of the 6th over - 0 runs, 0 hits, 0 errors, 1 left on base; Renton 5 - Walla Walla 8 |
TOP OF THE 7TH |
Renton Wrecks batting - Pitching for Walla Walla Walleyes : RHP Jose Loera
|
Batting: LHB Troy Thomas
|
0-0: Ball 1-0: Ground out 4-3 (Groundball, 4, EV 88.1 MPH)
|
Batting: RHB Luis Gomez
|
0-0: Ball 1-0: SINGLE (Line Drive, 78S, EV 88.8 MPH)
|
Batting: RHB Stan Holmes
|
0-0: Called Strike 0-1: Ball 1-1: Ball 2-1: Ball 3-1: Foul Ball, location: 2F 3-2: Base on Balls Luis Gomez to second
|
Batting: SHB Ethan Charles
|
0-0: Swinging Strike 0-1: Ball 1-1: Fly out, F8 (Flyball, 78D, EV 98.1 MPH)
|
Batting: LHB Paul Thoutsis
|
0-0: Fly out, F7 (Flyball, 7LM, EV 80.6 MPH)
|
Top of the 7th over - 0 runs, 1 hit, 0 errors, 2 left on base; Renton 5 - Walla Walla 8 |
BOTTOM OF THE 7TH |
Walla Walla Walleyes batting - Pitching for Renton Wrecks : RHP Gregory Norris
|
Batting: SHB Damon Farmar
|
0-0: Ball 1-0: Called Strike 1-1: Fly out, F9 (Flyball, 9, EV 83.1 MPH)
|
Batting: RHB John Cortez
|
0-0: Swinging Strike 0-1: Called Strike 0-2: SINGLE (Line Drive, 8RS, EV 105.0 MPH)
|
Pitching: RHP Stephen Lawrence
|
|
Batting: RHB Curtis Burke
|
0-0: Ball 1-0: Foul Ball, location: 2F 1-1: Called Strike 1-2: Fly out, F8 (Flyball, 8LXD, EV 98.8 MPH)
|
Batting: SHB Mike A Brumley
|
0-0: Ball 1-0: Called Strike 1-1: Foul Ball, location: 2F 1-2: Foul Ball, location: 2F 1-2: Ball 2-2: Ball 3-2: Base on Balls John Cortez to second
|
Batting: LHB Thomas Gertz
|
0-0: Called Strike 0-1: Reached via error on a dropped throw from SS, E4 (Groundball, 6, EV 92.5 MPH) John Cortez to third Mike A Brumley to second
|
Batting: RHB Osbe Hoskins
|
0-0: Ball 1-0: Ball 2-0: Ball 3-0: Called Strike 3-1: Called Strike 3-2: SINGLE (Groundball, 56S, EV 73.8 MPH) (infield hit) John Cortez scores Mike A Brumley to third Thomas Gertz to second
|
Batting: LHB Brian Hartsock
|
0-0: Foul Ball, location: 2F 0-1: Foul Ball, location: 2F 0-2: Strikes out swinging
|
Bottom of the 7th over - 1 run, 2 hits, 1 error, 3 left on base; Renton 5 - Walla Walla 9 |
TOP OF THE 8TH |
Renton Wrecks batting - Pitching for Walla Walla Walleyes : RHP Jose Loera
|
Batting: RHB Frank Garcia
|
0-0: Ball 1-0: Called Strike 1-1: Called Strike 1-2: Foul Ball, location: 2F 1-2: Ball 2-2: Ball 3-2: Fly out, F9 (Flyball, 89D, EV 101.9 MPH)
|
Batting: RHB Julian Gutierrez
|
0-0: Swinging Strike 0-1: Foul Ball, location: 2F 0-2: Ball 1-2: SINGLE (Groundball, 6MS, EV 66.9 MPH) (infield hit)
|
Batting: LHB Christian Bryeans
|
0-0: Foul Ball, location: 2F 0-1: Ball 1-1: Ball 2-1: Foul Ball, location: 2F 2-2: Fly out, F9 (Flyball, 9D, EV 102.5 MPH) Runner from 1st tags up, SAFE at 2nd
|
Batting: RHB Rolando Pino
|
0-0: Called Strike 0-1: Ball 1-1: Foul Ball, location: 2F 1-2: Strikes out swinging
|
Top of the 8th over - 0 runs, 1 hit, 0 errors, 1 left on base; Renton 5 - Walla Walla 9 |
BOTTOM OF THE 8TH |
Walla Walla Walleyes batting - Pitching for Renton Wrecks : RHP Stephen Lawrence
|
Batting: SHB Jeff McKnight
|
0-0: Fly out, F9 (Flyball, 89M, EV 83.1 MPH)
|
Batting: RHB Mitch Lyden
|
0-0: Ball 1-0: Ball 2-0: Called Strike 2-1: Foul Ball, location: 2F 2-2: Ball 3-2: SINGLE (Groundball, 4MD, EV 106.3 MPH) (infield hit)
|
Batting: SHB Damon Farmar
|
0-0: Ball 1-0: Ball 2-0: Ball 3-0: Base on Balls Mitch Lyden to second
|
Batting: RHB John Cortez
|
0-0: Called Strike 0-1: SINGLE (Flyball, 78S, EV 93.8 MPH) Mitch Lyden to third Damon Farmar to second
|
Batting: RHB Curtis Burke
|
0-0: Ball 1-0: Ball 2-0: Fly out, F9 (Flyball, 9, EV 75.0 MPH) Runner from 3rd tags up, SCORES, throw by RF Damon Farmar to third
|
Batting: SHB Mike A Brumley
|
0-0: Ball Wild Pitch! Damon Farmar scores John Cortez to second 1-0: Ball 2-0: Called Strike 2-1: Ground out 6-3 (Groundball, 6M, EV 85.6 MPH)
|
Bottom of the 8th over - 2 runs, 2 hits, 0 errors, 1 left on base; Renton 5 - Walla Walla 11 |
TOP OF THE 9TH |
Renton Wrecks batting - Pitching for Walla Walla Walleyes : RHP Jose Loera
|
Batting: LHB Troy Thomas
|
0-0: Ball 1-0: Ball 2-0: SINGLE (Groundball, 4MD, EV 108.8 MPH)
|
Batting: RHB Luis Gomez
|
0-0: Ball Wild Pitch! Troy Thomas to second 1-0: Fly out, F6 (Line Drive, 6, EV 71.9 MPH)
|
Batting: RHB Stan Holmes
|
0-0: Fly out, F5 (Flyball, 5D, EV 79.4 MPH)
|
Batting: SHB Ethan Charles
|
0-0: Ball 1-0: Swinging Strike 1-1: Ball 2-1: Ball 3-1: SINGLE (Groundball, 3S, EV 71.3 MPH) (infield hit) Troy Thomas to third
|
Batting: LHB Paul Thoutsis
|
0-0: Ball 1-0: Called Strike 1-1: SINGLE (Line Drive, 89S, EV 95.6 MPH) Troy Thomas scores Ethan Charles to second
|
Pitching: LHP Mike C Jones
|
|
Batting: RHB Frank Garcia
|
0-0: Ball 1-0: Foul Ball, location: 2F 1-1: Ball 2-1: Ball 3-1: Base on Balls Ethan Charles to third Paul Thoutsis to second
|
Batting: RHB Julian Gutierrez
|
0-0: Ball 1-0: SINGLE (Groundball, 3D, EV 104.4 MPH) Ethan Charles scores Paul Thoutsis to third Frank Garcia to second
|
Pitching: LHP Alex Marquez
|
|
Pinch Hitting: RHB Jose Leiva
|
0-0: Ball 1-0: Foul Ball, location: 2F 1-1: Fly out, F3 (Popup, 3SF, EV 65.6 MPH)
|
Top of the 9th over - 2 runs, 4 hits, 0 errors, 3 left on base; Renton 7 - Walla Walla 11 |
|